General information
- name: BNet
- type: Ladder team game (AT/RT)
- host: Battle.net
- saver: CustomKeysTXT
map: Friends
- players: 8
- length: 39:21
- speed: Fast
- version: 1.26 W3XP
- replay type: Public
» download(217 KB)
Players
team 1 (winner)
Boo) (
green | 26 APM | 139 actions | 05:16)
» actions
| Assign group hotkey | 2 | |
| Basic commands | 7 | |
| Build / train | 3 | |
| ESC pressed | 1 | |
| Enter build submenu | 3 | |
| Right click | 55 | |
| Select / deselect | 48 | |
| Select group hotkey | 14 | |
| Use ability | 6 | |
139 total
» units
» buildings
| Altar of Storms | 1 | |
| Orc Burrow | 1 | |
2 total
» build order
00:05 Altar of Storms
00:07 Orc Burrow
TheBladeMaster (
purple | 79 APM | 3096 actions | 39:21)
9 Blademaster
3 Wind Walk
3 Critical Strike
1 Bladestorm
2 Mirror Image
5 Paladin
2 Divine Shield
2 Holy Light
1 Resurrection
» actions
| Assign group hotkey | 227 | |
| Basic commands | 63 | |
| Build / train | 112 | |
| Enter build submenu | 56 | |
| Enter hero's abilities submenu | 14 | |
| Give item / drop item | 5 | |
| Remove unit from queue | 11 | |
| Right click | 1386 | |
| Select / deselect | 584 | |
| Select group hotkey | 417 | |
| Use ability | 221 | |
3096 total
» units
| Peon | 13 | |
| Grunt | 4 | |
| Wind Rider | 6 | |
| Troll Batrider | 24 | |
| Goblin Zeppelin | 1 | |
| Goblin Shredder | 2 | |
| Spirit Walker | 1 | |
| Troll Witch Doctor | 4 | |
| Raider | 7 | |
62 total
» upgrades
| Armor | 3 | |
| Ranged Weapons | 3 | |
| Spirit Walker Training | 2 | |
| Spiked Barricades | 1 | |
| Troll Regeneration | 1 | |
| Pillage | 1 | |
| Liquid Fire | 1 | |
| Witch Doctor Training | 2 | |
| Ensnare | 1 | |
| Melee Weapons | 1 | |
| Reinforced Defenses | 1 | |
17 total
» buildings
| Orc Burrow | 8 | |
| Altar of Storms | 1 | |
| Barracks | 1 | |
| War Mill | 3 | |
| Stronghold | 2 | |
| Watch Tower | 29 | |
| Voodoo Lounge | 2 | |
| Beastiary | 4 | |
| Great Hall | 2 | |
| Altar of Kings | 1 | |
| Farm | 1 | |
| Spirit Lodge | 3 | |
| Fortress | 1 | |
58 total
» build order
00:40 Orc Burrow
00:41 Altar of Storms
00:50 Barracks
01:15 War Mill
01:25 Orc Burrow
01:27 Orc Burrow
02:20 War Mill
03:19 Stronghold
03:19 Stronghold
03:39 Watch Tower
03:40 Watch Tower
03:40 Watch Tower
03:41 Watch Tower
03:44 Watch Tower
03:45 Watch Tower
03:47 Watch Tower
03:53 Watch Tower
03:56 Watch Tower
04:33 Voodoo Lounge
05:01 Orc Burrow
05:18 Orc Burrow
05:36 Orc Burrow
06:08 Beastiary
06:09 Beastiary
10:01 Great Hall
10:24 Watch Tower
10:24 Watch Tower
10:25 Watch Tower
10:25 Watch Tower
10:26 Watch Tower
10:27 Watch Tower
10:27 Watch Tower
10:27 Watch Tower
10:29 Watch Tower
10:30 Watch Tower
10:32 Watch Tower
10:35 Watch Tower
10:43 Altar of Kings
10:45 Farm
11:22 War Mill
11:36 Orc Burrow
11:56 Spirit Lodge
14:43 Spirit Lodge
14:45 Spirit Lodge
17:53 Great Hall
17:56 Watch Tower
17:57 Watch Tower
17:57 Watch Tower
17:58 Watch Tower
17:58 Watch Tower
17:58 Watch Tower
18:00 Watch Tower
18:06 Fortress
18:16 Beastiary
18:17 Beastiary
19:07 Orc Burrow
28:04 Voodoo Lounge
» items
| Healing Salve | 4 | |
| Scroll of Town Portal | 1 | |
| Orb of Lightning | 1 | |
| Sobi Mask | 1 | |
| Potion of Healing | 1 | |
| Lesser Clarity Potion | 1 | |
| Potion of Mana | 2 | |
11 total

»
RODLIKESHOTDOGS (
orange | 57 APM | 2257 actions | 39:21)
5 Blademaster
3 Wind Walk
2 Critical Strike
2 Shadow Hunter
1 Hex
1 Healing Wave
» actions
| Assign group hotkey | 37 | |
| Basic commands | 6 | |
| Build / train | 105 | |
| Enter build submenu | 25 | |
| Enter hero's abilities submenu | 8 | |
| Remove unit from queue | 2 | |
| Right click | 779 | |
| Select / deselect | 305 | |
| Select group hotkey | 709 | |
| Use ability | 281 | |
2257 total
» units
| Peon | 24 | |
| Peasant | 4 | |
| Troll Batrider | 34 | |
| Goblin Shredder | 1 | |
| Goblin Sapper | 4 | |
| Kodo Beast | 6 | |
73 total
» upgrades
| Ranged Weapons | 3 | |
| Armor | 3 | |
| Reinforced Defenses | 1 | |
| Envenomed Spears | 1 | |
| Liquid Fire | 1 | |
9 total
» buildings
| Altar of Storms | 1 | |
| Orc Burrow | 7 | |
| Barracks | 1 | |
| War Mill | 2 | |
| Watch Tower | 39 | |
| Stronghold | 1 | |
| Great Hall | 1 | |
| Beastiary | 3 | |
| Voodoo Lounge | 1 | |
| Fortress | 1 | |
57 total
» build order
00:11 Altar of Storms
00:18 Orc Burrow
00:37 Barracks
01:31 Orc Burrow
01:57 War Mill
02:08 Orc Burrow
03:18 Watch Tower
03:19 Watch Tower
03:20 Watch Tower
03:22 Watch Tower
03:24 Watch Tower
03:25 Watch Tower
03:26 Watch Tower
04:14 Watch Tower
04:14 Watch Tower
04:15 Watch Tower
04:20 Watch Tower
04:21 Watch Tower
04:21 Watch Tower
04:49 Watch Tower
04:50 Watch Tower
04:50 Watch Tower
04:52 Watch Tower
05:21 Stronghold
05:33 Watch Tower
06:08 Watch Tower
06:44 Orc Burrow
07:15 Great Hall
07:23 Watch Tower
07:23 Watch Tower
07:24 Watch Tower
07:24 Watch Tower
07:25 Watch Tower
07:26 Watch Tower
07:26 Watch Tower
07:26 Watch Tower
07:27 Watch Tower
07:28 Watch Tower
09:17 Beastiary
09:18 Beastiary
10:45 Voodoo Lounge
11:17 Fortress
11:23 Orc Burrow
12:28 Beastiary
16:55 Orc Burrow
16:58 War Mill
17:03 Orc Burrow
24:32 Watch Tower
24:33 Watch Tower
24:33 Watch Tower
24:34 Watch Tower
24:34 Watch Tower
28:23 Watch Tower
28:24 Watch Tower
28:24 Watch Tower
28:25 Watch Tower
28:25 Watch Tower
» items
| Potion of Healing | 4 | |
| Orb of Lightning | 1 | |
| Potion of Mana | 1 | |
| Lesser Clarity Potion | 1 | |
| Healing Salve | 1 | |
8 total
GG.I.Am.Leaving (
blue | 12 APM | 91 actions | 07:33)
1 Paladin
1 Holy Light
» actions
| Assign group hotkey | 1 | |
| Build / train | 19 | |
| Enter build submenu | 10 | |
| Enter hero's abilities submenu | 1 | |
| Right click | 17 | |
| Select / deselect | 27 | |
| Select group hotkey | 1 | |
| Use ability | 15 | |
91 total
» units
» buildings
| Farm | 2 | |
| Lumber Mill | 1 | |
| Altar of Kings | 1 | |
| Scout Tower | 11 | |
| Guard Tower | 3 | |
18 total
» build order
00:11 Farm
00:33 Farm
00:40 Lumber Mill
02:55 Altar of Kings
04:22 Scout Tower
04:25 Scout Tower
04:26 Scout Tower
04:28 Scout Tower
04:31 Scout Tower
04:33 Scout Tower
04:34 Scout Tower
04:35 Scout Tower
04:37 Scout Tower
04:43 Scout Tower
04:44 Scout Tower
06:54 Guard Tower
06:55 Guard Tower
06:56 Guard Tower
team 2 (loser)

»
BarbaraWalters (
teal | 26 APM | 965 actions | 37:10)
6 Blademaster
3 Wind Walk
3 Critical Strike
2 Shadow Hunter
1 Healing Wave
1 Hex
» actions
| Assign group hotkey | 3 | |
| Build / train | 72 | |
| Enter build submenu | 30 | |
| Enter hero's abilities submenu | 8 | |
| Remove unit from queue | 7 | |
| Right click | 353 | |
| Select / deselect | 425 | |
| Select group hotkey | 11 | |
| Use ability | 56 | |
965 total
» units
| Peon | 8 | |
| Grunt | 6 | |
| Troll Headhunter/Berserker | 8 | |
| Wind Rider | 13 | |
| Demolisher | 5 | |
| Troll Witch Doctor | 4 | |
| Goblin Shredder | 1 | |
| Raider | -1 | |
44 total
» upgrades
| Ranged Weapons | 3 | |
| Armor | 3 | |
| Troll Regeneration | 1 | |
| Witch Doctor Training | 2 | |
| Envenomed Spears | 1 | |
| Burning Oil | 1 | |
11 total
» buildings
| Altar of Storms | 2 | |
| Orc Burrow | 12 | |
| Barracks | 3 | |
| War Mill | 2 | |
| Stronghold | 1 | |
| Beastiary | 3 | |
| Spirit Lodge | 1 | |
| Fortress | 1 | |
| Great Hall | 4 | |
| Voodoo Lounge | 1 | |
30 total
» build order
00:13 Altar of Storms
00:16 Orc Burrow
01:16 Barracks
01:24 War Mill
02:03 Orc Burrow
02:45 Orc Burrow
04:06 Orc Burrow
05:07 Orc Burrow
06:01 Stronghold
09:26 Beastiary
09:27 Beastiary
09:53 Spirit Lodge
10:00 Fortress
10:09 Beastiary
10:19 Orc Burrow
11:10 Orc Burrow
11:43 Orc Burrow
20:01 Great Hall
21:17 Voodoo Lounge
26:32 Great Hall
27:08 Great Hall
31:56 Orc Burrow
33:09 Altar of Storms
33:18 Barracks
33:21 Orc Burrow
33:44 Barracks
34:20 Orc Burrow
34:26 War Mill
35:14 Great Hall
36:42 Orc Burrow
Zulu_Nation (
yellow | 44 APM | 1068 actions | 24:25)
4 Death Knight
2 Death Coil
1 Unholy Aura
1 Death Pact
» actions
| Build / train | 40 | |
| Enter build submenu | 19 | |
| Enter hero's abilities submenu | 3 | |
| Remove unit from queue | 2 | |
| Right click | 625 | |
| Select / deselect | 326 | |
| Use ability | 53 | |
1068 total
» units
| Acolyte | 2 | |
| Ghoul | 9 | |
| Meatwagon | 3 | |
| Necromancer | 9 | |
23 total
» upgrades
| Unholy Strength | 1 | |
| Exhume Corpses | 1 | |
| Necromancer Training | 1 | |
| Unholy Armor | 1 | |
| Skeletal Mastery | 1 | |
5 total
» buildings
| Ziggurat | 6 | |
| Crypt | 2 | |
| Altar of Darkness | 1 | |
| Nerubian Tower | 1 | |
| Graveyard | 1 | |
| Halls of the Dead | 1 | |
| Black Citadel | 1 | |
| Temple of the Damned | 2 | |
| Slaughterhouse | 1 | |
| Spirit Tower | 1 | |
17 total
» build order
00:15 Ziggurat
00:16 Crypt
00:28 Altar of Darkness
01:03 Crypt
01:20 Nerubian Tower
02:05 Ziggurat
03:18 Graveyard
05:02 Ziggurat
05:04 Halls of the Dead
08:03 Black Citadel
08:08 Temple of the Damned
08:14 Slaughterhouse
09:50 Spirit Tower
09:54 Ziggurat
10:19 Temple of the Damned
11:59 Ziggurat
12:05 Ziggurat
CustomKeysTXT (
red | 47 APM | 1861 actions | 39:21)
5 Blood Mage
3 Flame Strike
2 Siphon Mana
» actions
| Assign group hotkey | 23 | |
| Basic commands | 71 | |
| Build / train | 71 | |
| Enter build submenu | 40 | |
| Enter hero's abilities submenu | 5 | |
| Give item / drop item | 3 | |
| Remove unit from queue | 2 | |
| Right click | 718 | |
| Select / deselect | 470 | |
| Select group hotkey | 367 | |
| Use ability | 91 | |
1861 total
» units
| Peasant | 8 | |
| Footman | 6 | |
| Dragonhawk Rider | 4 | |
| Gryphon Rider | 4 | |
| Goblin Zeppelin | 1 | |
23 total
» upgrades
| Masonry | 3 | |
| Defend | 1 | |
| Swords | 3 | |
| Animal War Training | 1 | |
| Armor | 3 | |
| Storm Hammers | 1 | |
| Cloud | 1 | |
| Backpack | 1 | |
| Lumber Harvesting | 2 | |
| Magic Sentry | 1 | |
| Sorceress Training | 2 | |
19 total
» buildings
| Altar of Kings | 1 | |
| Farm | 9 | |
| Lumber Mill | 2 | |
| Barracks | 1 | |
| Scout Tower | 15 | |
| Arcane Tower | 3 | |
| Arcane Vault | 1 | |
| Keep | 1 | |
| Blacksmith | 1 | |
| Gryphon Aviary | 4 | |
| Guard Tower | 7 | |
| Castle | 1 | |
| Town Hall | 1 | |
| Arcane Sanctum | 1 | |
48 total
» build order
00:06 Altar of Kings
00:12 Farm
00:29 Lumber Mill
00:32 Lumber Mill
00:55 Barracks
01:22 Farm
01:25 Farm
02:08 Farm
02:32 Scout Tower
03:00 Arcane Tower
03:45 Farm
04:36 Farm
04:57 Arcane Vault
05:01 Keep
05:58 Farm
06:02 Blacksmith
06:45 Scout Tower
06:47 Scout Tower
07:31 Gryphon Aviary
07:36 Gryphon Aviary
07:39 Guard Tower
08:29 Castle
09:29 Scout Tower
09:31 Scout Tower
10:10 Guard Tower
11:57 Scout Tower
12:00 Scout Tower
12:31 Farm
13:08 Guard Tower
15:56 Town Hall
16:42 Scout Tower
16:43 Scout Tower
18:23 Guard Tower
20:16 Gryphon Aviary
20:22 Gryphon Aviary
20:28 Farm
23:05 Scout Tower
23:07 Scout Tower
23:09 Scout Tower
23:11 Scout Tower
23:36 Guard Tower
23:37 Guard Tower
24:56 Guard Tower
25:06 Arcane Sanctum
26:50 Scout Tower
27:26 Arcane Tower
27:32 Scout Tower
28:03 Arcane Tower
» items
| Lesser Clarity Potion | 2 | |
| Alleria's Flute of Accuracy | 1 | |
| Robe of the Magi +6 | 2 | |
| Belt of Giant Strength +6 | 2 | |
| Scroll of Regeneration | 2 | |
9 total
TechMeOut (
pink | 104 APM | 3430 actions | 32:55)
6 Blademaster
3 Wind Walk
2 Critical Strike
1 Bladestorm
» actions
| Assign group hotkey | 18 | |
| Basic commands | 72 | |
| Build / train | 62 | |
| Enter build submenu | 16 | |
| Enter hero's abilities submenu | 6 | |
| Give item / drop item | 6 | |
| Remove unit from queue | 7 | |
| Right click | 1576 | |
| Select / deselect | 349 | |
| Select group hotkey | 1236 | |
| Use ability | 81 | |
3430 total
» units
| Peon | 11 | |
| Goblin Shredder | 1 | |
| Wind Rider | 9 | |
| Troll Batrider | 7 | |
| Goblin Zeppelin | 1 | |
29 total
» upgrades
» buildings
| War Mill | 1 | |
| Orc Burrow | 8 | |
| Watch Tower | 2 | |
| Stronghold | 1 | |
| Altar of Storms | 1 | |
| Fortress | 1 | |
| Beastiary | 2 | |
| Voodoo Lounge | 1 | |
17 total
» build order
00:19 War Mill
00:43 Orc Burrow
02:09 Watch Tower
02:21 Stronghold
02:30 Watch Tower
02:44 Altar of Storms
02:52 Orc Burrow
04:23 Orc Burrow
04:42 Fortress
04:51 Beastiary
05:05 Beastiary
07:02 Orc Burrow
07:05 Orc Burrow
07:32 Voodoo Lounge
11:26 Orc Burrow
11:28 Orc Burrow
11:29 Orc Burrow
» items
| Healing Salve | 2 | |
| Scroll of Speed | 1 | |
| Orb of Lightning | 3 | |
| Boots of Quel'Thalas +6 | 1 | |
| Potion of Healing | 3 | |
| Scroll of Restoration | 1 | |
| Scroll of Town Portal | 1 | |
| Orb of Fire | 2 | |
| Demonic Figurine | 1 | |
15 total
Chat log
(00:11 / Allies) Zulu_Nation: rush
(00:13 / All) TheBladeMaster: If you didn't you need to remove the "sample" in file name
(00:18 / All) TheBladeMaster: then go to options and turn on custom keys
(00:22 / All) GG.I.Am.Leaving: SHUT THE FUCK UP
(00:23 / All) CustomKeysTXT: I made it CustomKeys.txt
(00:27 / All) GG.I.Am.Leaving: RIGHT GOD DAMN NOW
(00:48 / Allies) Zulu_Nation: rush
(00:57 / Allies) BarbaraWalters: sure
(00:58 / All) Boo): what is this shit 3 level 1s
(01:00 / All) Boo): Eat my dick bnet
(01:01 / Allies) TechMeOut: k
(01:09 / All) CustomKeysTXT: level 1s are the true pros of wc3
(01:18 / Allies) TechMeOut: rush at 7 o clock
(01:55 / Allies) Zulu_Nation: k
(03:15 / Allies) BarbaraWalters: where we meeting?
(03:15 / All) Boo): hello friends
(03:24 / All) Boo): i want to come to your city
(03:29 / All) Boo): i want to colonize
(03:31 / Allies) Zulu_Nation: meet
(03:36 / All) Boo): will you let me live in your city?
(03:38 / All) CustomKeysTXT: you are welcomed then, friend
(03:53 / All) Boo): MOTHER FUCKING LIAR
(03:54 / All) CustomKeysTXT: Do not kill the colonist
(03:56 / All) CustomKeysTXT: fucker
(04:04 / All) Boo): i will farm here
(04:08 / All) CustomKeysTXT: go ahead my friend
(04:09 / All) TechMeOut: what a comic
(04:10 / All) Boo): plowing the fields
(04:22 / All) CustomKeysTXT: but watch for the scourge
(04:25 / All) CustomKeysTXT: it hates our crops
(04:33 / All) Boo): they must be the white devil
(04:36 / All) Boo): that have scurvy
(05:06 / All) Boo): oh god
(05:11 / All) Boo): all 3 of them are mass towering
(05:14 / Allies) TechMeOut: im gonna go ahead and need some lumber
(05:15 / All) Boo): have fun lol
(07:26 / All) GG.I.Am.Leaving: WHY CAN I NOT WIN AT THIS GAME WHAT THE FUCK
(07:35 / All) Zulu_Nation: 2 shitty
(07:35 / Allies) BarbaraWalters: attack the upgrading ones
(09:38 / Allies) Zulu_Nation: 2 v 4....
(09:40 / All) Zulu_Nation: leave
(09:41 / All) TechMeOut: bro thyats n ot alot of wyvs
(09:44 / All) Zulu_Nation: 2 v 4
(11:10 / Allies) CustomKeysTXT: make siege
(11:24 / Allies) Zulu_Nation: i have
(11:28 / Allies) CustomKeysTXT: k
(12:01 / Allies) CustomKeysTXT: wtf man don't lag out
(12:10 / All) TheBladeMaster: I thought blue would militia rush me
(12:15 / All) RODLIKESHOTDOGS: so did i
(13:09 / Allies) BarbaraWalters: ty
(13:14 / Allies) CustomKeysTXT: thanks pink
(17:16 / All) TheBladeMaster: lawl
(17:20 / All) TheBladeMaster: I didn't know yellow was a nigger
(17:30 / All) CustomKeysTXT: he even went negrowagon!
(17:55 / Allies) BarbaraWalters: ty
(18:15 / Allies) Zulu_Nation: red wtf r u doing...
(18:20 / Allies) CustomKeysTXT: playing the game
(18:22 / Allies) Zulu_Nation: jst go kill them
(19:31 / All) TechMeOut: lol
(19:35 / All) TechMeOut: wtf are u doing
(19:41 / All) CustomKeysTXT: ?
(20:03 / All) CustomKeysTXT: it's called creeping sir
(20:04 / All) CustomKeysTXT: to level 5
(20:08 / All) CustomKeysTXT: for ultimate flame strike
(20:53 / Allies) Zulu_Nation: red can i have gold plz u have 4000
(21:04 / Allies) TechMeOut: teal make a shop
(21:06 / Allies) CustomKeysTXT: you should expo
(22:03 / All) TechMeOut: u realise non of us are tryin right?
(22:10 / All) CustomKeysTXT: yes
(22:11 / All) RODLIKESHOTDOGS: U REALIZE ur gonna lose right
(22:11 / All) TheBladeMaster: You realize we aren't either right?>
(22:12 / All) TheBladeMaster: lol
(22:12 / All) RODLIKESHOTDOGS: just leave
(22:18 / All) TechMeOut: k good lol'
(22:27 / All) TechMeOut: lol look at my items
(22:31 / All) TechMeOut: wehn u can
(22:48 / All) CustomKeysTXT: 3 orbs +6 boots, nothing special
(22:59 / Allies) TechMeOut: teal can u make a shop
(23:50 / All) TechMeOut: i just think its funny
(23:59 / All) TechMeOut: i hope pureg stacks
(25:24 / All) RODLIKESHOTDOGS: ive hear dltos of players say they arnet trying
(25:27 / All) RODLIKESHOTDOGS: trust me pink, ur trying
(26:20 / All) CustomKeysTXT: it's a 2v2 mangs, can't you counter bat riders?
(26:50 / Allies) BarbaraWalters: help
(28:41 / All) CustomKeysTXT: I wish that I had moar than only a measly 11.5k gold
(29:19 / All) CustomKeysTXT: hey guys
(29:24 / All) CustomKeysTXT: please make units, pink and teal
(29:31 / All) CustomKeysTXT: wtf this isn't a 1v2 matchup custom game
(29:52 / Allies) CustomKeysTXT: PLEASE
(29:53 / Allies) CustomKeysTXT: make units
(29:55 / Allies) CustomKeysTXT: WTF
(30:29 / All) TheBladeMaster: whoops
(30:54 / Allies) BarbaraWalters: red attack them
(31:02 / Allies) CustomKeysTXT: i can't you guys have no units
(31:05 / Allies) CustomKeysTXT: this isn't a 1v1
(31:09 / All) RODLIKESHOTDOGS: yawn
(31:09 / Allies) CustomKeysTXT: why do you hav nothing
(31:12 / Allies) BarbaraWalters: well i cant
(31:20 / Allies) CustomKeysTXT: you have a barrakcs
(31:22 / Allies) CustomKeysTXT: make headhunters
(31:23 / Allies) BarbaraWalters: cause they keep bombing me
(31:25 / Allies) CustomKeysTXT: or sumfin
(31:36 / Allies) CustomKeysTXT: you kept making air against mass batmen
(31:40 / Allies) BarbaraWalters: they bombed my burrows
(31:46 / Allies) CustomKeysTXT: make more then
(31:48 / Allies) CustomKeysTXT: use your peons
(32:06 / Allies) CustomKeysTXT: make ork burrows and head hunters to counter their bats
(32:43 / All) TechMeOut: gg
(32:45 / All) TechMeOut: i quit
(32:48 / All) CustomKeysTXT: it isn't over yet man
(32:50 / All) CustomKeysTXT: make burrows
(32:52 / Allies) CustomKeysTXT: and headhunters
(32:58 / Allies) CustomKeysTXT: to counter their really big opness
(33:06 / Allies) CustomKeysTXT: make headhunters
(33:07 / Allies) CustomKeysTXT: man
(33:08 / All) TheBladeMaster: Your team should lose since we had two bsers
(33:12 / All) TheBladeMaster: Besides us
(33:26 / Allies) CustomKeysTXT: hadhunters counter that
(33:28 / Allies) CustomKeysTXT: make some PLZ
(33:29 / Allies) CustomKeysTXT: PLZ
(33:30 / All) RODLIKESHOTDOGS: lame ass game
(33:34 / Allies) BarbaraWalters: im trying
(33:36 / Allies) BarbaraWalters: im trying
(33:38 / Allies) BarbaraWalters: im trying
(33:51 / Allies) CustomKeysTXT: thanks
(36:22 / Allies) BarbaraWalters: attack his hero
(36:29 / Allies) CustomKeysTXT: where ic ant see it
(36:43 / Allies) CustomKeysTXT: k ill kill palladin
(36:45 / Allies) CustomKeysTXT: target hero got it
(37:22 / All) CustomKeysTXT: I was trying to make him think he had a chance
(37:23 / All) CustomKeysTXT: lulz
(37:28 / All) CustomKeysTXT: I just ran my shit around and suicided it
(37:32 / All) CustomKeysTXT: he gave me wood and left
(37:43 / All) TheBladeMaster: Every 40 seconds one death, suicide
(37:52 / All) RODLIKESHOTDOGS: im gonna watch tv i cant play a lot until march 24th my internet plan is used up
(38:51 / All) RODLIKESHOTDOGS: u leave
(38:56 / All) CustomKeysTXT: my team gets loss?
(39:04 / All) TheBladeMaster: Yeah why would we want our team to get loss
(39:10 / All) TheBladeMaster: they were both bsers or messing around
(39:19 / All) CustomKeysTXT: Must have misheard you earlier then